 Dungeon Crawl Stone Soup version 0.30-b1-2-g02819fbbbe (webtiles) character file.

Game seed: 3181540650257771993

2316 Alarkh the Ruffian (level 9, 72/72 HPs)
             Began as a Demonspawn Artificer on July 11, 2023.
             Was a Follower of Uskayaw.
             Got out of the dungeon alive.
             The game lasted 00:11:22 (6748 turns).

Alarkh the Ruffian (Demonspawn Artificer)           Turns: 6748, Time: 00:11:23

Health: 72/72      AC:  8    Str: 14    XL:     9   Next: 18%
Magic:  12/12      EV: 11    Int: 16    God:    Uskayaw [*.....]
Gold:   365        SH:  0    Dex: 13    Spells: 8/8 levels left

rFire   . .          .
                       - Unarmed
rCold   . . .        (no shield)
rNeg    . . .        A - +0 acid dragon scales
rPois   .            l - +0 helmet
rElec   .            (no cloak)
rCorr   +            (no gloves)
SInv    .            (no boots)
Will    .....        (no amulet)
Stlth   +            (no ring)
HPRegen 0.32/turn    (no ring)
MPRegen 0.13/turn

%: no passive effects
@: no status effects
A: claws 1, ignite blood 1, powered by pain 1, sharp scales 1
a: Renounce Religion, Stomp


You escaped.
You worshipped Uskayaw.
Uskayaw was noncommittal.
You visited 2 branches of the dungeon, and saw 8 of its levels.

You collected 365 gold pieces.

Inventory:

Hand Weapons
 b - a +0 sling
 q - a +0 club
 r - a +2 dagger of speed
 x - a +0 rapier
Armour
 a - a +0 pair of gloves
 k - a +1 ring mail
 l - a +0 helmet (worn)
 w - a +0 helmet
 A - +0 acid dragon scales (worn)
Jewellery
 y - a ring of magical power
 z - a ring of wizardry
Wands
 c - a wand of flame (8) (quivered)
 d - a wand of charming (6)
 e - a wand of iceblast (1)
 B - a wand of paralysis (9)
Scrolls
 f - a scroll of noise {unknown}
 h - 3 scrolls of enchant armour
 i - 4 scrolls of teleportation
 j - 4 scrolls of immolation
 o - a scroll of torment {unknown}
 p - 2 scrolls of enchant weapon
 t - 2 scrolls of amnesia {unknown}
 C - a scroll of vulnerability {unknown}
Potions
 g - 2 potions of haste
 m - 2 potions of attraction
 n - 4 potions of might
 s - a potion of invisibility
 u - a potion of lignification {unknown}
 v - a potion of heal wounds
 D - a potion of resistance


   Skills:
 + Level 7.6 Fighting
 - Level 1.7 Armour
 - Level 0.8 Dodging
 - Level 0.8 Stealth
 * Level 7.9 Unarmed Combat
 + Level 5.2 Invocations
 - Level 3.0 Evocations


You had 8 spell levels left.
You didn't know any spells.
Your spell library contained the following spells:

 Spells                   Type           Power      Damage    Failure   Level
 Frozen Ramparts          Ice            0%         1d1       71%         3
 Inner Flame              Hex/Fire       0%         N/A       71%         3
 Ice Form                 Ice/Tmut       0%         N/A       98%         4
 Summon Ice Beast         Ice/Summ       0%         N/A       98%         4
 Yara's Violent Unravell  Hex/Tmut       0%         3d3       100%        5
 Enfeeble                 Hex            0%         N/A       100%        7
 Chain Lightning          Conj/Air       0%         N/A       100%        9
 Fire Storm               Conj/Fire      0%         5d1       100%        9
 Shatter                  Erth           0%         3d5*      100%        9


Dungeon Overview and Level Annotations

Branches:
Dungeon (7/15)             Temple (1/1) D:5

Altars:
Ashenzari
Cheibriados
Dithmenos
Fedhas
Hepliaklqana
Makhleb
Nemelex Xobeh
Okawaru
Qazlal
Ru
Trog
Uskayaw
Vehumet
Yredelemnul

Shops:
D:4 (


Innate Abilities, Weirdness & Mutations

You have sharp fingernails.
Your demonic aura sometimes causes spilled blood to erupt in flames.
You sometimes gain a little power by taking damage.
You are partially covered in razor-sharp scales. (AC +1, Slay +1)


Message History

Things that are here:
a +1 whip of flaming; a +0 robe; the kobold corpse of Pikel
Found an embroidered robe.
Found a green potion.
As you open the door, it creaks loudly!
(D) Dungeon (T) Temple
Where to? (Enter - D:7 @ (x,y), ? - help)
There is an open door here.
There is a stone staircase leading up here.
You climb upwards.
There is a stone staircase leading down here.
There is a stone staircase leading up here.
You climb upwards.
There is a stone staircase leading down here.
Things that are here:
a +0 spear; a +2 heavy halberd; a +0 club
There is a stone staircase leading up here.
You climb upwards.
There is a stone staircase leading down here.
Unknown command.
(D) Dungeon (T) Temple
Where to? (Enter - D:5 @ (x,y), ? - help)
What level of the Dungeon? (default 1, ? - help)
Things that are here:
2 stones; a +0 dagger
There is a stone staircase leading up, spattered with blood here.
You climb upwards.
There is a stone staircase leading down, spattered with blood here.
Things that are here:
a +0 animal skin; a +0 club You see here a +0 dagger.
There is a stone staircase leading up here.
You climb upwards.
There is a stone staircase leading down here.
There is a stone staircase leading up here.
You climb upwards.
There is a stone staircase leading down here.
There is a staircase leading out of the dungeon here.
Are you sure you want to leave the Dungeon?
This will make you lose the game!
You have escaped!

###.# #.##.#+#.#
#############.######.##.#.#.#####
.................................
...####################.#.#..####
...#......................#..####
...#.#####################.......
###..........................####
#####♣♣♣♣♣♣♣♣♣♣######....#.#
♣♣.....♣#.@♣ #.####.#
♣♣........).♣ ###.# #.#
♣....♣.♣...♣# #...# #.####
♣.....⌠.....♣ ##.#### #.....
♣....♣.♣....♣ #.....# ######
♣♣.........♣♣ #....(# ####
######♣♣.......♣♣ #.....# #...
..(....♣♣♣...♣♣♣ ##'#### #...
#####........# #.# #...


There were no monsters in sight!

Vanquished Creatures
  Pikel (D:7)
  Maggie (D:6)
  A water moccasin (D:5)
  Duvessa (D:4)
  A black bear (D:6)
  A phantom (D:5)
  Blork the orc (D:4)
  3 bullfrogs
  A scorpion (D:5)
  2 wights (D:7)
  A howler monkey (D:5)
  2 orc priests (D:4)
  2 jellies
  3 hounds
  6 iguanas
  An orc wizard (D:6)
  Robin (D:3)
  8 adders
  3 gnolls (D:5)
  A shadow imp (D:7)
  An ufetubus (D:5)
  2 dart slugs
  8 orcs
  7 ball pythons
  5 bats
  6 endoplasms
  2 giant cockroaches
  11 goblins
  7 hobgoblins
  A quokka (D:3)
  A frilled lizard (D:3)
  3 kobolds
  4 rats
99 creatures vanquished.

Vanquished Creatures (collateral kills)
  2 wights (D:7)
  Dowan (D:4)
  2 goblins (D:4)
5 creatures vanquished.

Vanquished Creatures (others)
  A goblin (D:4)
1 creature vanquished.

Grand Total: 105 creatures vanquished

Notes
Turn   | Place    | Note
-------+----------+-------------------------------------------
     0 | D:1      | Alarkh the Demonspawn Artificer began the quest for the
                  | Orb.
     0 | D:1      | Reached XP level 1. HP: 15/15 MP: 1/1
   636 | D:1      | Gained mutation: You are partially covered in razor-sharp
                  | scales. (AC +1, Slay +1) [demonic ancestry]
   636 | D:1      | Reached XP level 2. HP: 20/22 MP: 2/2
  1255 | D:2      | Found an iron altar of Okawaru.
  1284 | D:2      | Reached XP level 3. HP: 25/29 MP: 3/3
  1301 | D:2      | Found a faded altar of an unknown god.
  2295 | D:3      | Gained mutation: You have sharp fingernails. [demonic
                  | ancestry]
  2295 | D:3      | Reached XP level 4. HP: 38/38 MP: 4/4
  2422 | D:4      | Noticed Duvessa
  2423 | D:4      | Noticed Robin
  2554 | D:4      | Noticed Dowan
  2578 | D:4      | Killed Dowan
  2579 | D:4      | Reached skill level 1 in Unarmed Combat
  2579 | D:4      | Reached XP level 5. HP: 41/43 MP: 5/5
  2597 | D:4      | Your ally Duvessa died
  2640 | D:4      | Reached skill level 5 in Fighting
  2684 | D:3      | Killed Robin
  2685 | D:3      | Reached XP level 6. HP: 15/51 MP: 6/6
  3196 | D:4      | Found a snail-covered altar of Cheibriados.
  3218 | D:4      | Found Legodysch's Weapon Shoppe.
  3661 | D:4      | Noticed Blork the orc
  3677 | D:4      | Killed Blork the orc
  3791 | D:4      | Found a hazy altar of Hepliaklqana.
  3814 | D:5      | Entered Level 5 of the Dungeon
  3860 | D:5      | Reached XP level 7. HP: 33/56 MP: 7/7
  4389 | D:5      | Reached skill level 5 in Unarmed Combat
  4846 | D:5      | Found a staircase to the Ecumenical Temple.
  4909 | Temple   | Entered the Ecumenical Temple
  4952 | Temple   | Became a worshipper of Uskayaw the Reveller
  5005 | D:6      | Reached * piety under Uskayaw
  5009 | D:6      | Reached ** piety under Uskayaw
  5080 | D:6      | Noticed Maggie
  5109 | D:6      | Reached *** piety under Uskayaw
  5110 | D:6      | Killed Maggie
  5111 | D:6      | Gained mutation: Your demonic aura sometimes causes spilled
                  | blood to erupt in flames. [demonic ancestry]
  5111 | D:6      | Reached XP level 8. HP: 20/65 MP: 7/9
  6594 | D:7      | Noticed Pikel
  6603 | D:7      | Killed Pikel
  6604 | D:7      | Reached skill level 5 in Invocations
  6604 | D:7      | Gained mutation: You sometimes gain a little power by
                  | taking damage. [demonic ancestry]
  6604 | D:7      | Reached XP level 9. HP: 72/72 MP: 12/12
  6748 | D:$      | Got out of the dungeon alive.

Illustrated notes

Levels and vault maps discovered:
D:1:      amcnicky_arrival_underground_garden, layout_basic, minmay_crystal_room
D:2:      layout_rooms, basic_altar, dreamdust_ecumenical_altar_statues,
          grunt_decor_fettered
D:3:      layout_basic
D:4:      layout_cave_pools, minitemple, serial_shops, shop,
          nicolae_figureground_pulse, uniq_robin, uniq_blork_the_orc,
          uniq_duvessa
D:5:      layout_basic, temple_doors_cd
D:6:      layout_cave_pods, uniq_maggie
D:7:      layout_basic, mainiacjoe_overflow_big_doors,
          minmay_misc_feat_ornament, uniq_pikel
Temple:   nicolae_temple_ecumenical_triangle

Skill      XL: |  1  2  3  4  5  6  7  8 |
---------------+-------------------------+-----
Fighting       | 2 3 4 5 6 7 |  7.6
Unarmed Combat | 1 2 4 6 7 |  7.9
Invocations    | 2 5 |  5.2
Armour         | |  1.7
Dodging        | |  0.8
Stealth        | |  0.8
Evocations     | |  3.0

Action                     |  1- 3 |  4- 6 |  7- 9 || total
---------------------------+-------+-------+-------++-------
  Melee: Club              |    78 |       |       ||    78
         Short sword       |    47 |    37 |       ||    84
         Rapier            |       |    61 |       ||    61
         Punch             |       |     6 |     6 ||    12
         Dagger            |       |    75 |       ||    75
         Unarmed           |       |    71 |   147 ||   218
   Fire: Sling             |       |       |     9 ||     9
  Evoke: Wand              |     4 |    14 |    10 ||    28
    Use: Scroll            |     5 |     1 |     4 ||    10
         Potion            |       |     1 |     1 ||     2
   Stab: Sleeping          |     1 |       |       ||     1
         Paralysed         |       |       |     6 ||     6
 Armour: Leather armour    |    14 |       |       ||    14
         Ring mail         |    36 |   126 |    30 ||   192
         Acid dragon scale |       |       |    20 ||    20
  Dodge: Dodged            |    84 |   165 |    85 ||   334
